 Dungeon Crawl Stone Soup version 0.23.1 (webtiles) character file.

Game seed: 14316217016090288041

171 PentaManta the Bolt Thrower (level 5, -2/34 HPs)
             Began as a Kobold Hunter on Mar 18, 2019.
             Killed from afar by Ijyb (9 damage)
             ... with a wand of acid (10)
             ... on level 4 of the Dungeon.
             The game lasted 00:04:49 (2730 turns).

PentaManta the Bolt Thrower (Kobold Hunter)         Turns: 2730, Time: 00:04:50

Health: -2/34      AC:  4    Str: 10    XL:     5   Next: 81%
Magic:  5/5        EV: 15    Int: 12    God:
Gold:   174        SH:  0    Dex: 16    Spells: 4/4 levels left

rFire    . . .     SeeInvis .   a - +1 hand crossbow
rCold    + . .     Gourm    .   (shield restricted)
rNeg     . . .     Faith    .   p - +0 leather armour (curse)
rPois    .         Spirit   .   (no helmet)
rElec    .         Reflect  .   u - +1 cloak
rCorr    .         Harm     .   s - +2 pair of gloves
MR       .....                  (no boots)
Stlth    ++........             g - amulet of the acrobat
HPRegen  0.11/turn              r - ring of protection from cold
MPRegen  0.09/turn              (no ring)

@: corroded
A: small, carnivore
a: no special abilities


You were on level 4 of the Dungeon.
You were not hungry.

You visited 1 branch of the dungeon, and saw 4 of its levels.

You collected 174 gold pieces.

Inventory:

Hand Weapons
 a - a +1 hand crossbow (weapon)
 b - a +0 short sword
Missiles
 d - 29 bolts (quivered)
 i - 31 stones
 o - 8 tomahawks
Armour
 p - a cursed +0 leather armour (worn)
 s - a +2 pair of gloves (worn)
 u - a +1 cloak (worn)
 w - the cursed +1 ring mail of the Sturgeon {rPois Int-4 Slay+2, unknown}
   (You found it on level 4 of the Dungeon)

   It affects your intelligence (-4).
   It affects your accuracy and damage with ranged weapons and melee attacks
   (+2).
   It protects you from poison.
   It has a curse placed upon it.
Jewellery
 g - an amulet of the acrobat (around neck)
 r - a ring of protection from cold (left hand)
 v - an uncursed ring of poison resistance {unknown}
Scrolls
 e - 4 scrolls of blinking {unknown}
 j - 4 scrolls of teleportation {unknown}
 k - 5 scrolls of identify {unknown}
 q - a scroll of immolation {unknown}
 t - a scroll of enchant weapon {unknown}
Potions
 c - 2 potions of curing {unknown}
 h - a potion of cancellation {unknown}
 l - a potion of invisibility {unknown}
 m - a potion of haste {unknown}
 n - 2 potions of heal wounds {unknown}
Comestibles
 f - 5 rations


   Skills:
 + Level 4.5 Fighting
 + Level 6.5 Crossbows
 - Level 2.4 Dodging
 - Level 1.3 Stealth


You had 4 spell levels left.
You didn't know any spells.
Your spell library was empty.

Dungeon Overview and Level Annotations

Branches:
Dungeon (4/15)             Temple (0/1) D:4

Altars:
Nemelex Xobeh
Qazlal
Ru
Yredelemnul

Annotations:
D:4 Ijyb


Innate Abilities, Weirdness & Mutations

You are small and have problems with some larger weapons.
You are carnivorous and can eat meat at any time.


Message History

You shoot a bolt. The bolt hits Ijyb!
Ijyb is almost dead.
Ijyb hits you with a +5 dagger of freezing.
* * * LOW HITPOINT WARNING * * *
Firing (i - inventory. (/) - cycle)
d - 32 bolts (quivered)
Press: ? - help, Shift-Dir - straight line, f/p - Ijyb
Aim: Ijyb, wielding a +5 dagger of freezing, wearing a cursed +0 leather armour and carrying a wand of acid (11) (almost dead)
You shoot a bolt. The bolt barely misses Ijyb.
Ijyb zaps a wand.
The bolt of acid misses you. Ijyb barely misses you.
Firing (i - inventory. (/) - cycle)
d - 31 bolts (quivered)
Press: ? - help, Shift-Dir - straight line, f/p - Ijyb
Aim: Ijyb, wielding a +5 dagger of freezing, wearing a cursed +0 leather armour and carrying a wand of acid (10) (almost dead)
You shoot a bolt. The bolt barely misses Ijyb.
Ijyb barely misses you.
Firing (i - inventory. (/) - cycle)
d - 30 bolts (quivered)
Press: ? - help, Shift-Dir - straight line, f/p - Ijyb
Aim: Ijyb, wielding a +5 dagger of freezing, wearing a cursed +0 leather armour and carrying a wand of acid (10) (almost dead)
You shoot a bolt. The bolt hits Ijyb but does no damage.
Ijyb is almost dead.
Ijyb zaps a wand.
The bolt of acid hits you!
You die...

# #... #.. #. #.#.
.... ###.#.#
#...#####.>.#
.......###.#....#.....
#<##.##..#...#
##.#.##.....##
#......#..#.#
#........(....#
#.....[...@g((#
......####........(.
#....... #.......%..
#....... !.#...$.....
#..........#.........
##.#...###.#.........
#.##........ ..#.#....


You could see Ijyb.

Vanquished Creatures
  Crazy Yiuf (D:2)
  An iguana (D:4)
  Robin (D:2)
  A worker ant zombie (D:2)
  2 adders
  An ooze (D:3)
  A worm (D:2)
  A dart slug (D:1)
  A leopard gecko (D:3)
  2 orcs (D:3)
  6 giant cockroaches
  14 goblins
  10 hobgoblins
  4 jackals (D:3)
  2 quokkas
  A ball python (D:3)
  A bat (D:1)
  2 frilled lizards
  5 kobolds
  3 rats
60 creatures vanquished.

Notes
Turn   | Place    | Note
-------+----------+-------------------------------------------
     0 | D:1      | PentaManta the Kobold Hunter began the quest for the Orb.
     0 | D:1      | Reached XP level 1. HP: 12/12 MP: 1/1
   151 | D:1      | Reached skill level 5 in Crossbows
   328 | D:1      | Reached XP level 2. HP: 18/18 MP: 2/2
   570 | D:1      | Reached XP level 3. HP: 23/23 MP: 3/3
  1122 | D:2      | Found a runed translucent door.
  1123 | D:2      | Noticed Crazy Yiuf
  1742 | D:2      | Reached XP level 4. HP: 28/28 MP: 4/4
  1771 | D:2      | Noticed Robin
  1777 | D:2      | Killed Robin
  1955 | D:2      | Killed Crazy Yiuf
  1955 | D:2      | Reached skill level 6 in Crossbows
  1955 | D:2      | Reached XP level 5. HP: 28/33 MP: 5/5
  2055 | D:3      | Found a sparkling altar of Nemelex Xobeh.
  2167 | D:3      | Found a faded altar of an unknown god.
  2495 | D:3      | Found a basalt altar of Yredelemnul.
  2499 | D:3      | Found a stormy altar of Qazlal.
  2507 | D:3      | Found a sacrificial altar of Ru.
  2711 | D:4      | Found a staircase to the Ecumenical Temple.
  2714 | D:4      | Got a fine ring mail
  2718 | D:4      | Noticed Ijyb
  2730 | D:4      | Killed from afar by Ijyb

Skill      XL: |  1  2  3  4 |
---------------+-------------+-----
Crossbows      | 5 6 |  6.5
Fighting       | 3 4 |  4.5
Dodging        | |  2.4
Stealth        | |  1.3

Action                   |  1- 3 |  4- 6 || total
-------------------------+-------+-------++-------
 Fire: Hand crossbow     |    60 |    78 ||   138
  Eat: Chunk             |     1 |     4 ||     5
Armor: Leather armour    |     2 |     5 ||     7
Dodge: Dodged            |    14 |    18 ||    32
